 Dungeon Crawl Stone Soup version 0.30.0-5-g1a98f26d00 (webtiles) character file.

Game seed: 9227147014898516407

84 Dordric the Magician (level 4, -3/34 HPs)
             Began as a Djinni Venom Mage on May 11, 2023.
             Slain by an ice beast (15 damage)
             ... on level 3 of the Dungeon.
             The game lasted 00:04:32 (2020 turns).

Dordric the Magician (Djinni Venom Mage)            Turns: 2020, Time: 00:04:33

Health: -3/34      AC:  4    Str:  7    XL:     4   Next: 72%
Gold:   94         EV: 12    Int: 17    God:
                   SH:  0    Dex: 15

rFire   + + .        b - staff of poison
rCold   x . .        (no shield)
rNeg    . . .        a - +0 robe
rPois   ∞            q - +0 helmet
rElec   .            i - +0 cloak
rCorr   .            (no gloves)
SInv    .            (boots unavailable)
Will    .....        (no amulet)
Stlth   ++           (no ring)
HPRegen 0.25/turn    (no ring)
MPRegen 0.00/turn

%: infuse magic (-4 HP)
@: flying
A: sickness immunity, fire resistance 2, cold vulnerability 1, float, innate
caster, HP casting, extra vitality 1
a: no special abilities


You were on level 3 of the Dungeon.
You visited 1 branch of the dungeon, and saw 3 of its levels.

You collected 94 gold pieces.

Inventory:

Armour
 a - a +0 robe (worn)
 i - a +0 cloak (worn)
 q - a +0 helmet (worn)
Magical Staves
 b - a staff of poison (weapon)
Jewellery
 m - a ring of protection from fire
Scrolls
 f - a scroll of torment {unknown}
 g - 3 scrolls of identify {unknown}
 h - a scroll of blinking {unknown}
 j - a scroll of noise {unknown}
 o - a scroll of poison {unknown}
Potions
 c - a potion of cancellation {unknown}
 d - 2 potions of curing {unknown}
 e - a potion of mutation {unknown}
 k - a potion of flight {unknown}
 l - a potion of might {unknown}
 n - a potion of berserk rage {unknown}
 p - a potion of haste {unknown}


   Skills:
 + Level 2.6 Fighting
 - Level 2.1 Dodging
 - Level 1.5 Stealth
 + Level 3.2 Spellcasting


You knew the following spells:

 Your Spells              Type           Power      Damage    Failure   Level
a - Sting                 Tmut/Pois      80%        1d7       4%          1
b - Poisonous Vapours     Pois/Air       40%        N/A       7%          2
c - Mephitic Cloud        Conj/Pois/Air  20%        N/A       13%         3
d - Olgreb's Toxic Radia  Pois           20%        N/A       41%         4
e - Apportation           Tloc           26%        N/A       4%          1
Your spell library was empty.

Dungeon Overview and Level Annotations

Branches:
Dungeon (3/15)

Altars:


Innate Abilities, Weirdness & Mutations

You are immune to sickness and miasma.
You are immune to poison.
Your flesh is very heat resistant. (rF++)
You are vulnerable to cold. (rC-)
You float through the air rather than walking.
You learn spells naturally, not from books.
Your magical power is your life essence.
You have superior vitality. (+4 MHP)


Message History

The ice beast hits you. The ice beast freezes you!
You feel a terrible chill!
You are too injured to fight recklessly!
You are too injured to fight recklessly!
You are too injured to fight recklessly!
There is a stone staircase leading up here.
The ice beast attacks as you move away! The ice beast closely misses you.
You see here a scroll labelled SOMOTZ OFFAUNK.
The ice beast looks more healthy.
You feel a surge of power!
The sting misses the ice beast.
The ice beast closely misses you.
You feel a surge of power!
The sting hits the ice beast.
The ice beast partially resists.
The ice beast is severely wounded.
The ice beast hits you but does no damage.
You are too injured to fight recklessly!
You are too injured to fight recklessly!
You are too injured to fight recklessly!
You are too injured to fight recklessly!
Casting: Sting (safe; 4% risk of failure)
Confirm with . or Enter, or press ? or * to list all spells.
Aiming: Sting (safe; 4% risk of failure)
Press: ? - help, Shift-Dir - straight line, f/p - ice beast
Aim: an ice beast (severely wounded, 76% to hit)
You feel a surge of power!
The sting hits the ice beast but does no damage.
The ice beast is poisoned.
The ice beast is severely wounded.
The ice beast misses you.
Casting: Sting (safe; 4% risk of failure)
Confirm with . or Enter, or press ? or * to list all spells.
Aiming: Sting (safe; 4% risk of failure)
Press: ? - help, Shift-Dir - straight line, f/p - ice beast
Aim: an ice beast (severely wounded, poisoned, 76% to hit)
You feel a surge of power!
The sting hits the ice beast.
The ice beast partially resists.
The ice beast looks even sicker.
The ice beast is almost dead.
The ice beast closely misses you. The ice beast attacks as you move away!
The ice beast hits you. The ice beast freezes you!
You feel a terrible chill!
You die...

#.#########
###.#.......#
...........#
#.........###
#............
#.#.......#
#.#....Y@.#
#..<.?....#
#.......#########
#########


You could see an ice beast (very poisoned).

Vanquished Creatures
  2 adders (D:2)
  3 gnolls (D:2)
  3 bats
  5 endoplasms
  4 giant cockroaches
  A goblin (D:1)
  2 hobgoblins (D:2)
  2 quokkas
  A ball python (D:2)
  3 frilled lizards
  6 kobolds
  7 rats
39 creatures vanquished.

Notes
Turn   | Place    | Note
-------+----------+-------------------------------------------
     0 | D:1      | Dordric the Djinni Venom Mage began the quest for the Orb.
     0 | D:1      | Dordric set off with the following spells memorised: Sting,
                  | Poisonous Vapours, Mephitic Cloud, Olgreb's Toxic Radiance.
     0 | D:1      | Reached XP level 1. HP: 15/15 MP: 0/0
   268 | D:1      | Reached XP level 2. HP: 20/22 MP: 0/0
   305 | D:1      | Reached skill level 1 in Fighting
  1101 | D:2      | Reached XP level 3. HP: 16/27 MP: 0/0
  1101 | D:2      | Learned a level 1 spell: Apportation
  1494 | D:2      | Reached skill level 3 in Spellcasting
  1615 | D:2      | Reached XP level 4. HP: 26/33 MP: 0/0
  2002 | D:3      | Noticed an ice beast
  2020 | D:3      | Slain by an ice beast

Illustrated notes

Levels and vault maps discovered:
D:1:      minmay_arrival_wavy_path, layout_loops_ring
D:2:      layout_basic
D:3:      layout_loops_corners, mainiacjoe_overflow_alcove_1,
          hellmonk_ecumenical_altar_lost_god, uniq_crazy_yiuf_cottage,
          uniq_jessica, uniq_sigmund

Skill      XL: |  1  2  3 |
---------------+----------+-----
Fighting       | 1 2 |  2.6
Spellcasting   | 3 |  3.2
Dodging        | |  2.1
Stealth        | |  1.5

Action                     |  1- 3 |  4- 6 || total
---------------------------+-------+-------++-------
  Melee: Staff             |     9 |       ||     9
   Cast: Sting             |    58 |    18 ||    76
         Poisonous Vapours |     5 |     2 ||     7
         Mephitic Cloud    |     3 |     3 ||     6
 Armour: Robe              |     5 |     1 ||     6
  Dodge: Dodged            |    18 |     5 ||    23
